cohdb
Replays
Latest Replays
All Replays
Popular Replays
Top Player Replays
Match Explorer
How It Works
Community
CoH3 Stats
Reddit
Sign in to upload your games and track your stats! →
Sign in with Steam
Match 40795671
Unlisted
Match 40795671
Overview
Messages
Build Orders
End
Construct Section Command Post
Selects Australian Defense Battlegroup
Selects Australian Light Infantry Section
ML 3-inch Mortar Team
Dingo Light Scout Car
Australian Light Infantry Section
Australian Light Infantry Section
Construct Platoon Command Post
Humber Armored Car
Selects CMP 15cwt Supply Run
CMP 15cwt Supply Run
6-pounder Anti-tank Gun Team
CMP 15cwt Truck
maimeng12345
alphaelf
Dylan Il Bellissimo Arrogante
HiddenJoker
Nuclear Viking
DHellstrom
Max Emotional Damage
ffgghhjjkkll
0
0
Comments
sign in to comment!
No comments posted yet!